[Event "Early-Titled-Tuesday-Blitz-October-17-2023"]
[Site "Chess.com"]
[Date "2023.10.17"]
[Round "11"]
[White "mary-sanna"]
[Black "emeli_chess"]
[Result "1-0"]
[WhiteElo "2204"]
[BlackElo "2387"]
[TimeControl "180+1"]
[EndTime "10:10:22 PDT"]
[Termination "mary-sanna won by resignation"]

1. d4 Nf6 2. c4 e6 3. g3 d5 4. Nf3 dxc4 5. Bg2 Nc6 6. a4 a6 7. O-O Bd6 8. Qc2 O-O 9. Qxc4 e5 10.
dxe5 Nxe5 11. Nxe5 Bxe5 12. Nc3 c6 13. Rd1 Qe7 14.
Be3 Be6 15. Qh4 Rfd8 16. Bb6 Rxd1+ 17. Rxd1 Bc7 18. Bd4 Rd8 19. Bxf6 Qxf6 20. Qxf6 Rxd1+ 21. Nxd1 gxf6 22. Nc3 Ba5 23. Ne4 Bb3 24. Nc5 Bd1 25. Nxb7 Bb4 26. Bxc6 Bxe2 27. f3 Be1 28. Be4 f5 29. Bc6 Kf8 30. Nd6 Bd3 31. Kg2 Ke7 32. Nb7 Bb4 33. Kf2 Bc2 34. Ke3 h5 35. Kd4 Be1 36. Ke5 h4 37. gxh4 Bxh4 38. Nc5 Bf6+ 39. Kd5 Bb3+ 40. Nxb3 Bxb2 41. Nc5 a5 42. Nb7 Bc3 43. Bb5 Kf6 44. Nd6 Kg5 45. Nxf7+ Kh4 46. Nd6 f4 47. Ke4 Bd2 48. Nc4 Bb4 49. Kxf4 Kh3 50. Ke5 Kxh2 51. f4 Kg3 52. f5 Kg4 53.
Ke6 Kg5 54. f6 Kg6 55. f7 Kg7 56. Ne5 Kf8 57. Nd7+ Kg7 58. Bc4 Ba3 59. Bd5 Bb4 60. Kf5 Ba3 61. Ke4 Bb4 62. Kd3 Ba3 63. Kc4 Bc1 64. Kb5 Bd2 65. f8=Q+ 1-0

[Event "Early-Titled-Tuesday-Blitz-October-17-2023"]
[Site "Chess.com"]
[Date "2023.10.17"]
[Round "11"]
[White "masterofpuppets2"]
[Black "Doomfist26"]
[Result "1/2-1/2"]
[WhiteElo "2522"]
[BlackElo "2622"]
[TimeControl "180+1"]
[EndTime "10:10:26 PDT"]
[Termination "Game drawn by repetition"]

1. d4 f5 2. c4 Nf6 3. Nc3 g6 4. h4 h6 5. Nh3 d6 6. Nf4 Rg8 7. d5 c6 8. g3 e5 9. dxe6 Qe7 10.
h5 g5 11. Ng6 Qxe6 12. Nxf8 Rxf8 13. Bg2 Na6 14. Qc2 Qxc4 15. b3 Nb4 16. Qd2 Qd4 17.
Qb2 Ng4 18. Rf1 Ne5 19. Be3 Qg4 20. O-O-O f4 21. Bd4 fxg3 22. Bxe5 dxe5 23. Ne4 Be6 24. Qxe5 Qf4+ 25. Qxf4 gxf4 26. fxg3 fxg3 27. Nxg3 Rg8 28.
Rf3 Nxa2+ 29. Kb2 Nb4 30. Re3 Ke7 31. Bh3 Rxg3 32. Rxg3 Bxh3 33. Rxh3 Nd5 34. Rg1 Re8 35. Rg6 Kd7 36. Rxh6 Rxe2+ 37. Kc1 b5 38. Rh7+ Kd6 39. h6 b4 40. Rb7 Re8 41. h7 Rh8 42. Rxa7 Nf6 43. Rf7 Ke6 44. Rc7 Kd6 45. Rf7 Ke6 46. Rb7 c5 47. Rb5 Kd5 48. Rb6 Rxh7 49. Rxh7 Nxh7 50.
Rg6 Nf8 51. Rg5+ Kd4 52. Kc2 Ne6 53. Rg4+ Kd5 54. Rh4 Nd4+ 55. Kb2 Nc6 56. Rh5+ Kd4 57. Rh4+ Kd5 58. Rh5+ Kd4 59. Rh4+ Kd3 60. Rh3+ Kd4 61. Rh4+ 1/2-1/2

[Event "Early-Titled-Tuesday-Blitz-October-17-2023"]
[Site "Chess.com"]
[Date "2023.10.17"]
[Round "11"]
[White "GradualismUnleashed"]
[Black "Hambardzumyan_Yuri"]
[Result "0-1"]
[WhiteElo "2607"]
[BlackElo "2559"]
[TimeControl "180+1"]
[EndTime "10:10:28 PDT"]
[Termination "Hambardzumyan_Yuri won by resignation"]

1. e4 c5 2. Nf3 d6 3. d4 cxd4 4. Nxd4 Nf6 5. Nc3 a6 6. Be3 e5 7. Nb3 Be6 8. f3 h5 9. Qd2 Nbd7 10. Nd5 Bxd5 11. exd5 g6 12. Be2 Bg7 13. O-O-O b6 14. Kb1 Nc5 15. Rhf1 Nfd7 16. f4 exf4 17. Bd4 Ne5 18.
Qxf4 O-O 19. g4 hxg4 20. Bxg4 Nxg4 21. Bxg7 Kxg7 22. Qxg4 Nxb3 23. axb3 Ra7 24. Qd4+ f6 25. Rde1 Raf7 26. Re6 b5 27. h4 Rh8 28. Qf4 Rh5 29.
Rxd6 Qc7 30. c4 Rf5 31. Qxf5 gxf5 32. Rg1+ Kh7 33. Rc6 Qh2 34. Rd1 Qe2 35. Kc1 Qe3+ 36. Kc2 f4 37. Re6 Qf2+ 38. Rd2 Qc5 39. Rc6 Qe3 40.
Re6 Qh3 41. Ree2 f3 42. Rf2 bxc4 43. bxc4 Rc7 44. b3 a5 45. d6 Rd7 46. Kc3 Qg3 47. c5 Qe5+ 48. Kc4 Qe4+ 49. Kc3 Qe3+ 50. Kc4 Qe4+ 51. Kc3 Qc6 52. Kc4 Rb7 53. d7 Rxd7 54. Rxd7+ Qxd7 55. Rxf3 Qg4+ 56. Kb5 Qxf3 57. c6 Qxb3+ 58.
Ka6 Qc4+ 59. Kb7 a4 60. c7 a3 0-1

[Event "Early-Titled-Tuesday-Blitz-October-17-2023"]
[Site "Chess.com"]
[Date "2023.10.17"]
[Round "11"]
[White "Ginzburg_Yakov"]
[Black "carokannlover213"]
[Result "1-0"]
[WhiteElo "2624"]
[BlackElo "2719"]
[TimeControl "180+1"]
[EndTime "10:10:32 PDT"]
[Termination "Ginzburg_Yakov won on time"]

1. e4 c5 2. Nf3 d6 3. c3 Nf6 4.
Be2 g6 5. O-O Bg7 6. Re1 O-O 7.
Bf1 Nc6 8. d4 cxd4 9. cxd4 Bg4 10.
d5 Ne5 11. Nbd2 Rc8 12. Qb3 Nxf3+ 13. Nxf3 Bxf3 14. Qxf3 Nd7 15. Rb1 Qa5 16. Bg5 Rfe8 17. a3 Qb6 18. Be3 Bd4 19. Bxd4 Qxd4 20. Bb5 Ne5 21.
Qd1 Qxd1 22. Rexd1 Red8 23. Rbc1 a6 24. Be2 g5 25. g3 Kg7 26. Kg2 b5 27. f4 gxf4 28. gxf4 Nc4 29. Bxc4 bxc4 30. Kf3 Rb8 31. Rd2 Rb3+ 32.
Rc3 Rdb8 33. e5 Rxc3+ 34. bxc3 Rb3 35. Rc2 Rxa3 36. Ke4 Ra1 37. Kd4 Rf1 38. Rg2+ Kf8 39. Rg4 a5 40. Kxc4 a4 41. Kb4 Ra1 42. c4 a3 43. Kb3 a2 44. Rg2 Rf1 45. Rxa2 Rxf4 46.
exd6 exd6 47. Re2 Rf1 48. c5 dxc5 49. Kc4 Rc1+ 50. Kb5 Rd1 51. Kxc5 1-0

[Event "Early-Titled-Tuesday-Blitz-October-17-2023"]
[Site "Chess.com"]
[Date "2023.10.17"]
[Round "11"]
[White "I_am_Javi"]
[Black "kirillshevchenko"]
[Result "1-0"]
[WhiteElo "2793"]
[BlackElo "2921"]
[TimeControl "180+1"]
[EndTime "10:10:37 PDT"]
[Termination "I_am_Javi won on time"]

1. e4 e5 2. Nf3 d6 3. d4 exd4 4.
Nxd4 Nf6 5. Nc3 g6 6. Bc4 Bg7 7. f3 O-O 8. Be3 Nc6 9. Qd2 Ne5 10. Be2 d5 11. exd5 Nxd5 12. Bg5 f6 13. Bh4 g5 14.
Bg3 f5 15. O-O-O f4 16. Bf2 Ne3 17. Bxe3 fxe3 18. Qxe3 Qf6 19. Ne4 Qg6 20. Kb1 Bf5 21. Nxf5 Qxf5 22. Qxg5 Qxg5 23. Nxg5 Rae8 24. Ne4 h6 25. c3 Kh8 26. Bb5 Re7 27. Ba4 Ng4 28. Rde1 Ne5 29. Bc2 Nc4 30. Kc1 h5 31. b3 Bh6+ 32.
Kb1 Ne3 33. Re2 Rd8 34. Rhe1 Nd5 35. c4 Nf4 36. Rf2 Bg7 37. g3 Nh3 38. Rfe2 Red7 39. f4 b6 40. c5 bxc5 41. Nxc5 Rd2 42. Ne6 Rxe2 43. Rxe2 Re8 44. Bf5 Ng1 45. Rf2 Bf6 46. Kc2 h4 47. Bg4 hxg3 48. hxg3 Kg8 49. Kd3 Kf7 50.
Bh5+ Kxe6 51. Bxe8 Nh3 52. Rg2 Kd6 53. Bg6 Be7 54. Bf5 1-0

[Event "Early-Titled-Tuesday-Blitz-October-17-2023"]
[Site "Chess.com"]
[Date "2023.10.17"]
[Round "11"]
[White "Tobias_Koelle"]
[Black "ChessSkool"]
[Result "1-0"]
[WhiteElo "2935"]
[BlackElo "2688"]
[TimeControl "180+1"]
[EndTime "10:10:38 PDT"]
[Termination "Tobias_Koelle won by checkmate"]

1. d4 Nf6 2. Nc3 d6 3. e4 e5 4.
Nf3 Nbd7 5. Bc4 Be7 6. O-O O-O 7.
a4 c6 8. h3 Qc7 9. a5 h6 10.
Re1 Re8 11. Ba2 Nf8 12. Be3 Be6 13. Qd3 Bxa2 14. Rxa2 Ne6 15. Qd1 Nd7 16. d5 Nec5 17. b4 Na6 18. Rb2 Qc8 19. Nd2 Rd8 20. Nc4 Nf6 21.
Qd3 Nc7 22. Rd1 Bf8 23. Na3 cxd5 24. Nxd5 Nfxd5 25. exd5 f5 26. c4 g6 27. Rc2 Bg7 28.
Rdc1 f4 29. Bd2 Qf5 30. Qxf5 gxf5 31. Nb5 Rd7 32. Kf1 Kf7 33. Ke2 a6 34. Nc3 Rc8 35.
Na4 Rcd8 36. Nb6 Re7 37. Rd1 Ree8 38. Bc1 Bf6 39. c5 dxc5 40. bxc5 Nb5 41. Bb2 e4 42. Bxf6 Kxf6 43. Rc4 Re5 44. Rdc1 Nc7 45. c6 Nxd5 46.
c7 Nxc7 47. Rxc7 Rxa5 48. Rxb7 Ra2+ 49. Kf1 Rdd2 50. Rc6+ Kg5 51. Rg7+ Kh5 52. Kg1 Rxf2 53. Nd5 e3 54. Nf6+ Kh4 55. Ne4 Kh5 56. Nxf2 Rxf2 57. Rf6 Ra2 58. Rxf5+ Kh4 59. Rxf4+ Kh5 60. Rf5+ Kh4 61. g3+ Kxh3 62. Rh5# 1-0

[Event "Early-Titled-Tuesday-Blitz-October-17-2023"]
[Site "Chess.com"]
[Date "2023.10.17"]
[Round "11"]
[White "ChessPromotionAlex"]
[Black "Nuvas"]
[Result "1-0"]
[WhiteElo "2662"]
[BlackElo "2795"]
[TimeControl "180+1"]
[EndTime "10:10:40 PDT"]
[Termination "ChessPromotionAlex won by resignation"]

1. e4 e5 2. Nf3 Nc6 3. Nc3 Nf6 4. Bb5 Nd4 5. Bc4 c6 6. d3 d6 7. h3 a5 8. a3 Nxf3+ 9. Qxf3 Be7 10. a4 O-O 11. Bg5 Be6 12. O-O Nd7 13. Be3 Bg5 14. Bxe6 fxe6 15. Qg4 Be7 16. Qxe6+ Kh8 17. Qg4 Nf6 18. Qe2 d5 19. exd5 cxd5 20. Bg5 d4 21. Nb5 Nd5 22. Bxe7 Qxe7 23. g3 Rae8 24. Kh2 Qc5 25.
Rac1 Nf6 26. c3 dxc3 27. Rxc3 Qb4 28. Rc4 Qb3 29. Nc3 h6 30. Kg2 Re7 31. Re1 Rfe8 32. Ne4 Nd5 33. Nc3 Nb4 34. Rc5 b6 35. Rb5 Qe6 36.
Ne4 Qd7 37. Rc1 Nc6 38. Rxb6 Nd4 39. Qd1 Rf7 40. Rc4 Qf5 41. Rb5 Nxb5 42. axb5 Qd7 43.
Qb3 Rb8 44. Rc5 Re7 45. Qc4 Qb7 46. Kg1 Ree8 47. Nd6 Qf3 48. Nxe8 Rxe8 49. b6 Rf8 50. Qc2 Qb7 51. Rc6 Qf7 52. Rc7 Qf3 53. b7 Kh7 54. Rc8 Qxb7 55. Rxf8 Qe7 56. d4+ e4 57. Rf4 Qd6 58. Qxe4+ 1-0

[Event "Early-Titled-Tuesday-Blitz-October-17-2023"]
[Site "Chess.com"]
[Date "2023.10.17"]
[Round "11"]
[White "GMaka"]
[Black "Goryachkina"]
[Result "0-1"]
[WhiteElo "2519"]
[BlackElo "2655"]
[TimeControl "180+1"]
[EndTime "10:10:40 PDT"]
[Termination "Goryachkina won by resignation"]

1. d4 Nf6 2. Bg5 d5 3. Nd2 Bf5 4. e3 Ne4 5. Nxe4 Bxe4 6. Nf3 h6 7. Bf4 e6 8. Bd3 Bd6 9. Bxe4 dxe4 10. Ne5 Nd7 11. c3 Bxe5 12. Bxe5 Nxe5 13. dxe5 Qd5 14. Qd4 O-O-O 15. O-O c5 16. Qxd5 Rxd5 17. f4 Rhd8 18. Rf2 Rd2 19. Raf1 Rxf2 20. Rxf2 Rd1+ 21. Rf1 Rd3 22.
Re1 Rd2 23. b4 c4 24. a4 Rd3 25. Rc1 Rxe3 26. Kf2 Rd3 27. Re1 Rxc3 28. Rxe4 Rc2+ 29. Kf3 Kc7 30. Rd4 a6 31. a5 b6 32. axb6+ Kxb6 33. Rd7 c3 34. Rd3 Kb5 35. Ke4 Kxb4 36. Rd7 Re2+ 37.
Kf3 Rd2 38. Rb7+ Ka3 39. Rxf7 c2 40. Rc7 Kb2 41. Rb7+ Kc1 42. f5 exf5 43. e6 Rd8 44. Kf4 Re8 45. Kxf5 a5 46. e7 a4 47. Ke6 a3 48.
Ra7 Kd2 49. Rd7+ Ke3 50. Rc7 a2 51. Rxc2 a1=Q 52. Kf7 Rxe7+ 53. Kxe7 Qf6+ 54. Ke8 Qg6+ 55. Kf8 Qxc2 0-1

[Event "Early-Titled-Tuesday-Blitz-October-17-2023"]
[Site "Chess.com"]
[Date "2023.10.17"]
[Round "11"]
[White "Juicy_Fork"]
[Black "temiksmozg"]
[Result "1-0"]
[WhiteElo "2441"]
[BlackElo "2579"]
[TimeControl "180+1"]
[EndTime "10:10:40 PDT"]
[Termination "Juicy_Fork won by checkmate"]

1. e4 c5 2. Nf3 Nc6 3. Bb5 g6 4. O-O Bg7 5. c3 e5 6. d4 exd4 7. cxd4 Nxd4 8. Nxd4 cxd4 9. Bf4 Ne7 10. Bd6 O-O 11.
e5 Re8 12. Na3 Nf5 13. Re1 b6 14. Qf3 a6 15. Qxa8 axb5 16. Nxb5 Qg5 17. Rac1 Qd2 18. Rf1 Qa5 19. Qb8 Qxb5 20. Rxc8 Nxd6 21. exd6 Rxc8 22. Qxc8+ Bf8 23. Re1 Kg7 24. Qc7 Qxb2 25. Qxd7 Qb4 26. Rd1 Bxd6 27. g3 Be5 28. Qd5 Bf6 29. Kg2 h5 30. Rc1 Qe7 31. Rc6 b5 32. Rb6 b4 33.
Rb7 Qe8 34. Rxb4 h4 35. Rb7 g5 36. a4 g4 37. gxh4 Kg6 38. h5+ Kg7 39. a5 d3 40. a6 d2 41. h6+ Kg6 42. Qd3+ Kh5 43. Rb5+ Bg5 44. Rxg5+ Kxg5 45. Qxd2+ Kh5 46. Qd5+ Kxh6 47.
a7 f6 48. a8=Q Qe2 49. Qf8+ Kg6 50. Qfg8+ Kh6 51. Qh8+ Kg6 52. Qc6 Qb2 53. Qce8+ Kf5 54. Qhh5+ Kf4 55. Qh6+ Kf5 56. Qhg6+ Kf4 57. Qee4# 1-0

[Event "Early-Titled-Tuesday-Blitz-October-17-2023"]
[Site "Chess.com"]
[Date "2023.10.17"]
[Round "11"]
[White "JiiHart"]
[Black "Aleksandar-Topalov"]
[Result "0-1"]
[WhiteElo "2194"]
[BlackElo "2332"]
[TimeControl "180+1"]
[EndTime "10:10:40 PDT"]
[Termination "Aleksandar-Topalov won by checkmate"]

1. e4 e6 2. d4 d5 3. Nd2 Nf6 4. e5 Ng8 5. Bd3 Ne7 6. c3 Qd7 7. Ne2 b6 8. f4 h5 9. Nf3 g6 10. Ng5 Ba6 11. O-O Bxd3 12. Qxd3 c5 13. b3 Nbc6 14.
Bd2 Nf5 15. Ng3 Nxg3 16. hxg3 cxd4 17. cxd4 Nxd4 18. Rac1 Nf5 19. b4 Be7 20. Nf3 O-O 21. Nd4 Nxd4 22. Qxd4 Rac8 23. g4 hxg4 24. f5 exf5 25.
Bh6 Rxc1 26. Rxc1 Rc8 27. Rxc8+ Qxc8 28. e6 f6 29. Qxd5 g5 30. Qxf5 Qc1+ 31. Kf2 Qd2+ 32.
Kf1 Qf4+ 33. Qxf4 gxf4 34. Bxf4 Bxb4 35. Bb8 a6 36. Bc7 Bc5 37. e7 Kf7 38. Bd8 b5 39. Ke2 Bxe7 40. Ba5 Ke6 41. Ke3 f5 42. Kf4 Bd6+ 43.
Kg5 Bg3 44. Bc3 Bf2 45. Bg7 Be3+ 46. Kh4 Kd5 47. Kg3 Ke4 48. Bf6 a5 49. Bd8 a4 50.
Be7 Bd2 51. a3 b4 52. axb4 a3 53. b5 a2 54. Bf6 Bf4+ 55. Kf2 Be5 56. Bxe5 Kxe5 57.
b6 a1=Q 58. b7 Qb2+ 59. Kg3 Qxb7 60. Kh4 Qxg2 61. Kg5 g3 62. Kh4 Qf2 63. Kh3 g2 64.
Kh2 g1=Q+ 65. Kh3 Qgg3# 0-1

[Event "Early-Titled-Tuesday-Blitz-October-17-2023"]
[Site "Chess.com"]
[Date "2023.10.17"]
[Round "11"]
[White "rasmussvane"]
[Black "AradNazari"]
[Result "1/2-1/2"]
[WhiteElo "2981"]
[BlackElo "2858"]
[TimeControl "180+1"]
[EndTime "10:10:41 PDT"]
[Termination "Game drawn - insufficient material"]

1. Nf3 c5 2. c4 Nc6 3. Nc3 e5 4. g3 g6 5. Bg2 Bg7 6. d3 Nge7 7. Bg5 O-O 8. Bxe7 Nxe7 9. O-O Rb8 10. Nd2 a6 11. Rb1 b5 12. cxb5 axb5 13. b4 cxb4 14. Rxb4 d5 15. Rxb5 Rxb5 16. Nxb5 Qa5 17. a4 Bd7 18.
Nb1 Bxb5 19. axb5 Qxb5 20. Nc3 Qa5 21. Qb3 e4 22. Nd1 exd3 23. Qxd3 d4 24. Nb2 Qc3 25. Nc4 h5 26. Rb1 Nf5 27. Be4 Nh6 28. Kg2 Ng4 29.
h3 Ne5 30. Nxe5 Bxe5 31. Rb5 Qxd3 32. Bxd3 Bf6 33. Rb7 Re8 34. f4 Re3 35. g4 hxg4 36.
hxg4 g5 37. fxg5 Bxg5 38. Rd7 Bf6 39. Rd5 Re5 40. Rd7 Kg7 41. Kf3 Re3+ 42. Kf4 Re5 43. Bc4 Re7 44. Rd5 Rc7 45. Bd3 Rc8 46. g5 Be7 47. Rxd4 Rd8 48. Ra4 Bd6+ 49. Kg4 Rb8 50.
Ra7 Rb4+ 51. e4 Rd4 52. Bc2 Rc4 53. Bb1 Rb4 54. Bd3 Rd4 55. Bc2 Rc4 56. Rxf7+ Kxf7 57. Bb3 Kg6 58. Bxc4 Be7 59. Bd3 Bxg5 60. e5+ Kh6 61. e6 Bd8 62. e7 Bxe7 1/2-1/2

[Event "Early-Titled-Tuesday-Blitz-October-17-2023"]
[Site "Chess.com"]
[Date "2023.10.17"]
[Round "11"]
[White "ChessQueen"]
[Black "brm72"]
[Result "1-0"]
[WhiteElo "2721"]
[BlackElo "2551"]
[TimeControl "180+1"]
[EndTime "10:10:47 PDT"]
[Termination "ChessQueen won by checkmate"]

1. e4 c5 2. c3 d5 3. exd5 Qxd5 4. d4 Nf6 5. Nf3 e6 6. Be2 Be7 7. O-O O-O 8. c4 Qd8 9. dxc5 Bxc5 10. Nc3 Nc6 11. Bg5 Be7 12. Qc2 Qa5 13. Rad1 h6 14.
Bf4 e5 15. Be3 Be6 16. a3 Rfd8 17. Nb5 Rac8 18. Qc1 a6 19. b4 Qa4 20. Nc3 Qb3 21. Nd2 Rxd2 22. Rxd2 Nd4 23. Bxd4 exd4 24. Rxd4 Nd7 25.
Nd5 Bxd5 26. Rxd5 Nf6 27. Rd3 Qa4 28. Rfd1 a5 29. b5 b6 30. h3 Kh7 31. Rc3 g6 32. Bd3 Nd5 33. Re1 Bg5 34. Qc2 Nxc3 35. Qxc3 Qxb5 36. g3 Qc6 37. h4 Bf6 38. Qc2 h5 39.
Qe2 Kg7 40. Rc1 Qc5 41. Be4 Re8 42. Qf3 Re5 43. Rc2 Qd4 44. Bd5 Rf5 45. Qe4 Qa1+ 46. Kg2 Qd1 47. Qe2 Qd4 48. Qe3 Qa1 49. Qd3 Qe1 50.
Re2 Qc1 51. Qe3 Qa1 52. Qe8 Bd4 53. Qe4 Qc3 54. f3 Qa1 55. Re1 Qb2+ 56. Re2 Qa1 57. Re1 Qc3 58. g4 hxg4 59. Rf1 gxf3+ 60. Rxf3 Rxf3 61.
Qxf3 Qd2+ 62. Kg3 f5 63. Qf4 Be3 64. Qe5+ Kh6 65. Qh8# 1-0

[Event "Early-Titled-Tuesday-Blitz-October-17-2023"]
[Site "Chess.com"]
[Date "2023.10.17"]
[Round "11"]
[White "Fore_Man"]
[Black "Langua_Chess"]
[Result "0-1"]
[WhiteElo "2345"]
[BlackElo "2497"]
[TimeControl "180+1"]
[EndTime "10:10:47 PDT"]
[Termination "Langua_Chess won by resignation"]

1. Nf3 c5 2. c4 Nc6 3. d4 cxd4 4. Nxd4 e6 5. Nxc6 bxc6 6. g3 d5 7. Bg2 Nf6 8. O-O Rb8 9. Qa4 Qd7 10.
cxd5 cxd5 11. Qxd7+ Bxd7 12. Nc3 Bd6 13. b3 O-O 14. Bb2 Rfc8 15. Rfd1 a5 16. e4 Be5 17. Rac1 dxe4 18. Na4 Bxb2 19. Nxb2 Rxc1 20. Rxc1 g5 21. Nc4 a4 22. bxa4 Bxa4 23. Nd6 Rb4 24. h3 Rd4 25. Rc4 Rxc4 26. Nxc4 Kf8 27. Nd2 Bc6 28. Nb3 Ke7 29.
Nd4 Bd5 30. a4 Kd6 31. a5 Kc5 32. Ne2 Kb5 33. Kf1 Kxa5 34. Ke1 Kb4 35. Kd2 Nd7 36. Ke3 f5 37. Nd4 Kc5 38. Ne2 Kd6 39. h4 h6 40.
hxg5 hxg5 41. Bf1 Bc4 42. Bg2 Bxe2 43. Kxe2 Nf6 44. Bf1 Ke5 45. Ke3 Nd5+ 46. Ke2 Ne7 47. Bh3 f4 48. Bg4 Nc6 49. gxf4+ gxf4 50. Bh5 Nd4+ 51.
Kf1 Nf5 52. Bg4 Ne7 53. Ke2 Nc6 54. Bh5 Nb4 55. Bg6 Nd5 56. Bh5 Nf6 57. Bg6 Kd4 58.
Bf7 e5 59. Bg6 Nd7 60. Bf5 Nc5 61. Kf1 Na4 62. Kg2 Nc3 63. Kf1 e3 64. Ke1 Ne4 65. fxe3+ Kxe3 66. Kf1 Ng3+ 67. Kg2 Nxf5 0-1

[Event "Early-Titled-Tuesday-Blitz-October-17-2023"]
[Site "Chess.com"]
[Date "2023.10.17"]
[Round "11"]
[White "Shockerlover"]
[Black "maurovargas01"]
[Result "1-0"]
[WhiteElo "1961"]
[BlackElo "1913"]
[TimeControl "180+1"]
[EndTime "10:10:47 PDT"]
[Termination "Shockerlover won on time"]

1. e4 d5 2. exd5 Qxd5 3. Nc3 Qa5 4. d4 c6 5. Bd3 Nf6 6. Bd2 Qc7 7. Qe2 Bg4 8. Nf3 e6 9. h3 Bh5 10. O-O-O Bd6 11. Bg5 Nbd7 12. g4 Bg6 13. Ne5 Bxd3 14. Rxd3 Nxe5 15. dxe5 Bxe5 16. Rhd1 Bf4+ 17. Bxf4 Qxf4+ 18. Kb1 O-O 19. g5 Nd5 20. Ne4 Qh4 21. Rg3 Qf4 22. Rg4 Qc7 23. c4 Nf4 24. Nf6+ gxf6 25. gxf6+ Ng6 26. Qe3 Qe5 27. Qf3 Qf5+ 28. Qxf5 exf5 29.
Rg5 Rfe8 30. h4 Kh8 31. h5 Ne5 32. Rg7 Rg8 33. Rdg1 Nf3 34. R1g3 Ne5 35. h6 Nxc4 36. b3 Rad8 37. bxc4 Rd1+ 38. Kc2 Rdd8 39. Rd3 Rde8 40. Re3 Rd8 41. Kc3 Rc8 42. Rd3 b5 43. Rd7 b4+ 44. Kxb4 c5+ 45. Kc3 Rce8 46. Rdxf7 Rxg7 47. fxg7+ Kg8 48. Rxf5 a5 49. Rxc5 a4 50. Ra5 1-0

[Event "Early-Titled-Tuesday-Blitz-October-17-2023"]
[Site "Chess.com"]
[Date "2023.10.17"]
[Round "11"]
[White "jaskol95"]
[Black "Fan_Of_Chucky"]
[Result "1/2-1/2"]
[WhiteElo "2603"]
[BlackElo "2505"]
[TimeControl "180+1"]
[EndTime "10:10:51 PDT"]
[Termination "Game drawn by repetition"]

1. e4 c5 2. Nf3 a6 3. b4 cxb4 4.
d4 d5 5. exd5 Qxd5 6. c4 bxc3 7.
Nxc3 Qd8 8. Bc4 e6 9. O-O Nf6 10.
d5 exd5 11. Re1+ Be7 12. Nxd5 Nxd5 13. Bxd5 O-O 14. Bb2 Bf6 15. Rb1 Bxb2 16. Rxb2 Nc6 17. Rd2 Qf6 18. Qb3 Ne7 19. Be4 Ng6 20. Qb4 Be6 21. Qxb7 Rad8 22. Rxd8 Rxd8 23. Qxa6 Nf4 24. g3 Nh3+ 25. Kg2 Ng5 26. Qa5 Nxf3 27. Bxf3 Rc8 28. h4 Bh3+ 29. Kxh3 Qxf3 30. Qd2 h5 31. Qe2 Qa3 32.
Qxh5 Qxa2 33. Qf3 Qc4 34. Re4 Qc7 35. Kg2 Qc6 36. Re3 Qxf3+ 37. Kxf3 Rc6 38. Kg4 Kh7 39. f4 Rc4 40. Re5 Kg6 41. Rg5+ Kf6 42. Ra5 Kg6 43. h5+ Kh7 44. Kh4 f6 45. Kh3 Rc1 46.
Kg4 Rc3 47. Rb5 Rc4 48. Kf5 Rc1 49. g4 Rf1 50. Rb7 Rf2 51. Rb8 Rf1 52. Ke4 Re1+ 53.
Kf3 Rf1+ 54. Kg3 Rg1+ 55. Kf3 Rf1+ 56. Ke4 Re1+ 57. Kf5 Rc1 58. h6 Rc5+ 59. Ke6 Rc6+ 60. Kd5 Ra6 61. hxg7 Kxg7 62. Ke4 Ra4+ 63. Kf3 Ra3+ 64.
Ke4 Ra4+ 65. Kf5 Ra5+ 66. Ke6 Ra6+ 67. Kd5 Ra5+ 68. Ke4 Ra4+ 1/2-1/2

[Event "Early-Titled-Tuesday-Blitz-October-17-2023"]
[Site "Chess.com"]
[Date "2023.10.17"]
[Round "11"]
[White "ssunu"]
[Black "mmDarko"]
[Result "1/2-1/2"]
[WhiteElo "1932"]
[BlackElo "2291"]
[TimeControl "180+1"]
[EndTime "10:10:58 PDT"]
[Termination "Game drawn by repetition"]

1. e4 e6 2. d4 d5 3. Nc3 Bb4 4. e5 c5 5. a3 Bxc3+ 6. bxc3 Ne7 7. Qg4 O-O 8. h4 Nbc6 9. Nf3 f5 10. Qg3 Qa5 11.
Bd2 Qa4 12. h5 cxd4 13. cxd4 Nxd4 14. Nxd4 Qxd4 15. Rb1 Qe4+ 16. Be2 Qxc2 17. Rc1 Qe4 18. Bb4 Nc6 19. Bxf8 Kxf8 20. h6 g6 21. Qxg6 hxg6 22. h7 Qxe5 23. h8=Q+ Qxh8 24. Rxh8+ Ke7 25. Rg8 Kd6 26.
Rxg6 Bd7 27. g4 fxg4 28. Bxg4 Ne5 29. Rg7 Nd3+ 30. Kd1 Nxc1 31. Kxc1 Rc8+ 32. Kb2 Rf8 33. f3 Rf6 34. Rg8 Bc6 35. Ra8 e5 36. Rxa7 e4 37.
fxe4 dxe4 38. Ra5 Rf4 39. Rg5 e3 40. Rg6+ Kc5 41. Kc3 Re4 42. Rg5+ Kd6 43. Bf3 Re5 44. Rxe5 Kxe5 45. Bxc6 bxc6 46. Kd3 Kf4 47. Ke2 Ke4 48. a4 Kd4 49. a5 Kc5 50. Kxe3 Kb5 51. Kd3 Kxa5 52.
Kc4 Ka6 53. Kc5 Kb7 54. Kc4 Kb6 55. Kb4 Kb7 56. Kc5 Kc7 57. Kc4 Kd6 58. Kd4 c5+ 59. Kc3 Kc6 60. Kc4 Kd6 61. Kc3 Kd5 62. Kd3 Kc6 63.
Kc4 Kb6 64. Kc3 Kb5 65. Kb3 Ka5 66. Kc4 Kb6 67. Kc3 Kb5 68. Kb3 c4+ 69. Kc2 Kc5 70.
Kc3 Kd5 71. Kc2 Kd6 72. Kc3 Kc5 73. Kc2 Kc6 74. Kc3 Kb5 75. Kc2 Kb4 76. Kb2 Kc5 77.
Kc2 Kd5 78. Kc3 Kc5 79. Kc2 1/2-1/2

[Event "Early-Titled-Tuesday-Blitz-October-17-2023"]
[Site "Chess.com"]
[Date "2023.10.17"]
[Round "11"]
[White "JuniorJumper"]
[Black "Anton_Demchenko"]
[Result "0-1"]
[WhiteElo "2603"]
[BlackElo "2996"]
[TimeControl "180+1"]
[EndTime "10:11:01 PDT"]
[Termination "Anton_Demchenko won by checkmate"]

1. d4 Nf6 2. c4 d6 3. Nc3 e5 4.
dxe5 dxe5 5. Qxd8+ Kxd8 6. Bg5 Be6 7. O-O-O+ Kc8 8. e3 Nfd7 9. Nf3 f6 10. Bh4 Nc6 11. Be2 a5 12. Nd2 a4 13. f3 Bb4 14.
Nd5 Bc5 15. Ne4 Ba7 16. Bf2 Nc5 17. Nec3 Na5 18. Nb5 Bxd5 19. Nxa7+ Rxa7 20. Rxd5 b6 21. Rhd1 Nab7 22. Bf1 Rd8 23. g3 Rxd5 24. Rxd5 e4 25. Bh3+ Kb8 26. fxe4 Nxe4 27. Be1 Nbd6 28. Bb4 Nc5 29.
Bxc5 bxc5 30. Rxc5 Nf7 31. Rb5+ Rb7 32. Ra5 Ne5 33.
Bg2 c6 34. Rxa4 Kc7 35. Kc2 Kd6 36. b3 h5 37. Ra6 g5 38. a4 Kc5 39. Ra8 h4 40. gxh4 Rh7 41. hxg5 Rxh2 42. gxf6 Rxg2+ 43. Kc3 Rg3 44. b4+ Kd6 45. Kd4 Rg4+ 46. e4 Nf3+ 47. Ke3 Ng5 48. c5+ Ke6 49. Ra6 Rxe4+ 50. Kd3 Kd5 51. b5 Rf4 52. b6 Rb4 53. Kc3 Rc4+ 54.
Kb3 Ne6 55. b7 Nxc5+ 56. Ka3 Nxa6 57. f7 Rf4 58. a5 Rf3+ 59. Ka4 Rxf7 60. b8=Q Nxb8 61.
a6 Nxa6 62. Ka5 Nc5 63. Kb6 Rb7+ 64. Ka5 Rb5# 0-1

[Event "Early-Titled-Tuesday-Blitz-October-17-2023"]
[Site "Chess.com"]
[Date "2023.10.17"]
[Round "11"]
[White "MdChess1734"]
[Black "HajiyevKanan"]
[Result "1/2-1/2"]
[WhiteElo "2432"]
[BlackElo "2546"]
[TimeControl "180+1"]
[EndTime "10:11:02 PDT"]
[Termination "Game drawn - insufficient material"]

1. e4 c6 2. d4 d5 3. Nc3 a6 4.
Nf3 Bg4 5. h3 Bh5 6. Be2 e6 7. e5 c5 8. Be3 Bxf3 9. Bxf3 cxd4 10. Bxd4 Nc6 11. Ne2 Nge7 12. c3 Qc7 13. O-O Ng6 14. c4 Nxd4 15. Qxd4 Qxc4 16. Qxc4 dxc4 17. Bxb7 Ra7 18. Bc6+ Kd8 19. Rfd1+ Kc7 20. Rd7+ Kb6 21. Rxa7 Kxa7 22. f4 Bc5+ 23. Kf1 Rc8 24. Be4 Be3 25.
g3 Ne7 26. Rd1 Rc7 27. Nc3 h5 28. Ke2 Bc5 29. Na4 Bb4 30. Rd8 Nc8 31. g4 hxg4 32.
hxg4 g6 33. Ke3 Be7 34. Re8 Bb4 35. Kd4 Ba5 36. f5 gxf5 37. gxf5 exf5 38. Bxf5 Nb6 39.
Nc5 c3 40. bxc3 Bxc3+ 41. Kxc3 Na4+ 42. Kd4 Nxc5 43. Kd5 Kb6 44. Rb8+ Rb7 45. Rxb7+ Nxb7 46. Bd7 Kc7 47. Be8 Nd8 48. Ke4 Ne6 49. Kf5 Ng7+ 50. Kf6 Nxe8+ 51. Kxf7 Kd8 52. a4 a5 53. e6 Nd6+ 54.
Kf6 Ke8 55. Ke5 Nc4+ 56. Kd5 Nb2 57. Kc5 Nxa4+ 58. Kb5 Nc3+ 59. Kxa5 Nd5 60. Kb5 Ne7 61. Kc5 Ng6 62. Kd6 Ne7 63. Ke5 Ng8 64. Kd6 Ne7 65. Ke5 Ng8 66. Kd6 Nf6 67. Ke5 Nd7+ 68. exd7+ Kxd7 1/2-1/2